 Dungeon Crawl Stone Soup version 0.21.1-1-g345015fe64 (webtiles) character file.

73 Peloso the Skirmisher (level 4, -1/35 HPs)
             Began as a Demonspawn Fighter on May 13, 2018.
             Was an Initiate of Okawaru.
             Slain by a hound (2 damage)
             ... on level 2 of the Dungeon.
             The game lasted 00:02:09 (1122 turns).

Peloso the Skirmisher (Demonspawn Fighter)          Turns: 1122, Time: 00:02:10

Health: -1/35      AC:  9    Str: 17    XL:     4   Next: 8%
Magic:  4/4        EV:  4    Int:  9    God:    Okawaru [......]
Gold:   33         SH:  9    Dex: 13    Spells: 3/3 levels left

rFire    . . .     SeeInvis .   a - +0 long sword
rCold    . . .     Gourm    .   c - +0 shield
rNeg     . . .     Faith    .   b - +0 chain mail
rPois    .         Spirit   .   (no helmet)
rElec    .         Reflect  .   (no cloak)
rCorr    .         Harm     .   (no gloves)
MR       .....                  (no boots)
Stlth    ..........             (no amulet)
HPRegen  0.11/turn              (no ring)
MPRegen  0.09/turn              (no ring)

@: no status effects
A: hooves 2, powered by pain 1
a: Renounce Religion


You were on level 2 of the Dungeon.
You worshipped Okawaru.
Okawaru was noncommittal.
You were hungry.

You visited 1 branch of the dungeon, and saw 2 of its levels.

You collected 33 gold pieces.

Inventory:

Hand Weapons
 a - a +0 long sword (weapon)
Armour
 b - a +0 chain mail (worn)
 c - a +0 shield (worn)
Jewellery
 l - a +3 ring of evasion {unknown}
Scrolls
 e - a scroll of random uselessness {unknown}
 g - a scroll of blinking {unknown}
 h - 2 scrolls of enchant weapon {unknown}
 k - a scroll of remove curse {unknown}
Potions
 d - a potion of might
 i - 3 potions of heal wounds {unknown}
 j - a potion of brilliance {unknown}
Comestibles
 f - 2 rations


   Skills:
 + Level 3.5 Fighting
 + Level 2.7 Long Blades
 + Level 3.0 Armour
 + Level 0.2 Dodging
 + Level 3.2 Shields


You had 3 spell levels left.
You didn't know any spells.

Dungeon Overview and Level Annotations

Branches:
Dungeon (2/15)

Altars:
Dithmenos
Makhleb
Okawaru


Innate Abilities, Weirdness & Mutations

You have hoof-like feet.
You sometimes gain a little power by taking damage.


Message History

You block the hound's attack. x2
You block the hound's attack.
The hound bites you but does no damage. x2
The hound bites you.
* * * LOW HITPOINT WARNING * * *
The hound bites you but does no damage. The hound bites you.
* * * LOW HITPOINT WARNING * * *
The hound bites you but does no damage. The hound bites you.
* * * LOW HITPOINT WARNING * * *
The hound bites you but does no damage. The hound bites you but does no damage.
You block the hound's attack. The hound bites you but does no damage.
You block the hound's attack. You block the hound's attack. x2
The hound barely misses you.
You riposte.
You closely miss the hound. Your kick misses the hound.
The hound is lightly wounded.
The hound bites you but does no damage. The hound bites you.
You die...

#.. .# .. .# #. .# ##
#.# .# #..#.. .#
##....#.# #∩_..%..##
#...h@#[# #.####.# #
#....# ##### #
#...##.# ##...###
#...##.########.......
#.#..............<..##
#...##.##.#####.....##
#.# ##.#...####..#..##
# #..............#..##


You could see a hound.

Vanquished Creatures
  An orc wizard (D:2)
  An adder (D:2)
  A dart slug (D:1)
  3 orcs (D:2)
  4 bats
  3 goblins (D:1)
  5 hobgoblins
  A quokka (D:2)
  A ball python (D:2)
  A frilled lizard (D:1)
  3 kobolds (D:1)
  7 rats
31 creatures vanquished.

Vanquished Creatures (others)
  4 toadstools (D:1)
4 creatures vanquished.

Grand Total: 35 creatures vanquished

Notes
Turn   | Place    | Note
-------+----------+-------------------------------------------
     0 | D:1      | Peloso the Demonspawn Fighter began the quest for the Orb.
     0 | D:1      | Reached XP level 1. HP: 18/18 MP: 1/1
    72 | D:1      | Gained mutation: You sometimes gain a little power by taking damage. [demonic ancestry]
    72 | D:1      | Reached XP level 2. HP: 21/24 MP: 2/2
   506 | D:2      | Found an iron altar of Okawaru.
   516 | D:2      | Became a worshipper of Warmaster Okawaru
   602 | D:2      | Found a shadowy altar of Dithmenos.
   615 | D:2      | Gained mutation: You have large cloven feet. [demonic ancestry]
   615 | D:2      | Reached XP level 3. HP: 28/29 MP: 3/3
   650 | D:2      | Gained mutation: You have hoof-like feet. [demonic ancestry]
   650 | D:2      | Reached XP level 4. HP: 13/35 MP: 4/4
  1045 | D:2      | Found a burning altar of Makhleb.
  1114 | D:2      | HP: 1/35 [hound (4)]
  1122 | D:2      | Slain by a hound

Skill      XL: |  1  2  3 |
---------------+----------+-----
Long Blades    | 2 |  2.7
Shields        | 3 |  3.2
Armour         | 3 |  3.0
Fighting       | |  3.5
Dodging        | |  0.2

Action                   |  1- 3 |  4- 6 || total
-------------------------+-------+-------++-------
Melee: Long sword        |    74 |       ||    74
       Kick              |     8 |     4 ||    12
Armor: Scale mail        |    16 |       ||    16
       Chain mail        |    42 |    74 ||   116
Dodge: Dodged            |    27 |    25 ||    52
Block: Shield            |    43 |    76 ||   119
       Rpst.: Long sword |     8 |    10 ||    18
